 Dungeon Crawl Stone Soup version 0.26.0-15-gc6cd9f7 (webtiles) character file.

Game seed: 16121287426037521437

858 Ubbricas the Chiller (level 7, 55/55 HPs)
             Began as a Demonspawn Ice Elementalist on Jan 15, 2021.
             Was an Initiate of Sif Muna.
             Got out of the dungeon alive.
             The game lasted 00:16:58 (6339 turns).

Ubbricas the Chiller (Demonspawn Ice Elementalist)  Turns: 6339, Time: 00:16:58

Health: 55/55      AC:  7    Str: 17      XL:     7   Next: 71%
Magic:  13/13      EV: 15    Int: 16      God:    Sif Muna [......]
Gold:   316        SH:  0    Dex: 17 (19) Spells: 7/14 levels left

rFire    . . .     SeeInvis .   m - +0 rapier
rCold    . . .     Faith    .   (no shield)
rNeg     . . .     Spirit   .   a - +0 robe
rPois    .         Reflect  .   y - +0 helmet
rElec    .         Harm     .   w - +0 cloak
rCorr    .         Rampage  .   n - +0 pair of gloves
Will     .....                  (no boots)
Stlth    ++........             (no amulet)
HPRegen  0.18/turn              f - +6 ring of strength
MPRegen  0.13/turn              v - +6 ring of dexterity (curse)

@: no status effects
A: hooves 2, molten scales 1, demonic guardian 1
a: Renounce Religion


You escaped.
You worshipped Sif Muna.
Sif Muna was noncommittal.
You visited 2 branches of the dungeon, and saw 7 of its levels.

You collected 316 gold pieces.

Inventory:

Hand Weapons
 m - a +0 rapier (weapon)
Missiles
 e - 6 boomerangs of dispersal
 i - 4 boomerangs (quivered)
 z - 9 poisoned darts
Armour
 a - a +0 robe (worn)
 g - a +0 ring mail
 n - a +0 pair of gloves (worn)
 w - a +0 cloak (worn)
 y - a +0 helmet (worn)
 A - a +0 buckler
Jewellery
 f - a +6 ring of strength (left hand)
 v - a cursed +6 ring of dexterity (right hand)
Wands
 p - a wand of enslavement (5)
Scrolls
 b - 2 scrolls of teleportation
 c - a scroll of fog {unknown}
 d - a scroll of amnesia {unknown}
 h - 3 scrolls of remove curse
 j - 6 scrolls of identify
 o - 2 scrolls of blinking {unknown}
 B - a scroll of random uselessness {unknown}
Potions
 k - a potion of ambrosia {unknown}
 l - a potion of flight
 q - 2 potions of curing {unknown}
 r - 2 potions of heal wounds {unknown}
 s - a potion of degeneration {unknown}
 t - a potion of haste {unknown}
 u - a potion of resistance
 x - a potion of mutation {unknown}
 C - a potion of lignification {unknown}


   Skills:
 + Level 4.4 Fighting
 + Level 4.6 Dodging
 - Level 1.7 Stealth
 * Level 4.1 Spellcasting
 + Level 4.9 Ice Magic
 + Level 1.7 Invocations


You had 7 spell levels left.
You knew the following spells:

 Your Spells              Type           Power        Failure   Level
a - Freeze                Ice            76%          2%          1
b - Frozen Ramparts       Ice            38%          7%          3
c - Ozocubu's Armour      Ice            19%          7%          3

Your spell library contained the following spells:

 Spells                   Type           Power        Failure   Level
 Confusing Touch          Hex            3%           45%         3
 Gell's Gravitas          Tloc           1%           45%         3
 Hailstorm                Conj/Ice       11%          52%         4
 Summon Ice Beast         Ice/Summ       11%          52%         4
 Petrify                  Tmut/Erth      3%           86%         4
 Metabolic Englaciation   Hex/Ice        5%           86%         5
 Yara's Violent Unravell  Hex/Tmut       1%           99%         5


Dungeon Overview and Level Annotations

Branches:
Dungeon (6/15)             Temple (1/1) D:4

Altars:
Ashenzari
Cheibriados
Dithmenos
Fedhas
Gozag
Hepliaklqana
Kikubaaqudgha
Makhleb
Nemelex Xobeh
Okawaru
Qazlal
Ru
Sif Muna
Trog
Uskayaw
Vehumet
Wu Jian
Xom
Yredelemnul
Zin
The Shining One

Annotations:
D:6 1 transporter


Innate Abilities, Weirdness & Mutations

You have hoof-like feet.
You are partially covered in molten scales. (AC +2)
A weak demonic guardian rushes to your aid.


Message History

There is a stone staircase leading up here.
You climb upwards.
There is a stone staircase leading down here.
There is a stone staircase leading up here.
You climb upwards.
There is a stone staircase leading down here.
There is a stone staircase leading up here.
You climb upwards.
There is a stone staircase leading down here.
Unknown command.
You see here a +0 club.
There is a large open door here.
There is a large open door here.
There is a fountain of clear blue water here.
There is a staircase leading out of the dungeon here.
You can't go down here!
Are you sure you want to leave the Dungeon?
This will make you lose the game! [Y]es or [N]o only, please.
Are you sure you want to leave the Dungeon?
This will make you lose the game!
You have escaped!

############...# ##(..######
#....8....# ### #.##...##.#
##.## ######### #..##.##..#
##.#(## #......)#
#...#'#..####.###.## #.#####.#
#...#'#..###.## ##.##
#.#####.####..##⌠##....## ##.#
#.##.....((..('⌠@⌠'..##.##
##.##
#.##.##.####..##⌠##..###.###.##
#.....#.# #....#+#..#####.#.##
#.##..#.# ##...#+#....####.##
........# #..##.##....##.#.##
..##..#.# #.##...##.....###.#
..##..#.# #....8....#.##.#.##
..##..#.# ##..#######.###.##
..##.)#.# ##...## #.# ###


There were no monsters in sight!

Vanquished Creatures
  An ogre (D:5)
  A sky beast (D:5)
  A howler monkey (D:4)
  A quasit (D:3)
  A hound (D:5)
  An orc priest (D:5)
  3 orc wizards
  A bullfrog skeleton (D:5)
  2 iguanas (D:5)
  3 worker ants (D:4)
  A killer bee zombie (D:5)
  Robin (D:4)
  A gnoll (D:1)
  13 adders
  A white imp (D:5)
  An ufetubus (D:5)
  2 oozes
  An adder skeleton (D:4)
  3 worms
  A dart slug (D:1)
  3 leopard geckos
  6 orcs
  A ball python (D:1)
  A giant cockroach (D:2)
  11 goblins
  7 hobgoblins
  5 jackals
  2 quokkas
  8 bats
  7 frilled lizards
  8 kobolds
  A leopard gecko skeleton (D:4)
  6 rats
106 creatures vanquished.

Vanquished Creatures (collateral kills)
  A sky beast (D:5)
  A bullfrog (D:6)
2 creatures vanquished.

Grand Total: 108 creatures vanquished

Notes
Turn   | Place    | Note
-------+----------+-------------------------------------------
     0 | D:1      | Ubbricas the Demonspawn Ice Elementalist began the quest
                  | for the Orb.
     0 | D:1      | Reached XP level 1. HP: 13/13 MP: 3/3
    55 | D:1      | Reached skill level 1 in Fighting
    55 | D:1      | Gained mutation: A weak demonic guardian rushes to your
                  | aid. [demonic ancestry]
    55 | D:1      | Reached XP level 2. HP: 14/21 MP: 0/5
   692 | D:1      | Reached XP level 3. HP: 27/27 MP: 4/6
  1730 | D:2      | Learned a level 3 spell: Frozen Ramparts
  1785 | D:2      | Gained mutation: You have large cloven feet. [demonic
                  | ancestry]
  1785 | D:2      | Reached XP level 4. HP: 19/34 MP: 1/7
  2279 | D:2      | Learned a level 3 spell: Ozocubu's Armour
  2801 | D:3      | You fall into a shaft and drop 3 floors!
  2801 | D:6      | Found a transporter.
  2802 | D:6      | Noticed a kobold demonologist
  2834 | D:6      | Noticed an ogre
  2839 | D:6      | Noticed a bullfrog
  2843 | D:6      | Killed a bullfrog
  2844 | D:6      | Reached XP level 5. HP: 40/40 MP: 8/8
  2846 | D:5      | Entered Level 5 of the Dungeon
  2846 | D:5      | Noticed a sky beast
  2866 | D:5      | Killed a sky beast
  2889 | D:5      | Killed an ogre
  2890 | D:5      | Gained mutation: You are partially covered in molten
                  | scales. (AC +2) [demonic ancestry]
  2890 | D:5      | Reached XP level 6. HP: 23/47 MP: 0/10
  4737 | D:4      | Gained mutation: You have hoof-like feet. [demonic
                  | ancestry]
  4737 | D:4      | Reached XP level 7. HP: 51/53 MP: 3/12
  4993 | D:4      | Found a staircase to the Ecumenical Temple.
  5000 | Temple   | Entered the Ecumenical Temple
  5141 | Temple   | Became a worshipper of Sif Muna the Loreminder
  5235 | D:4      | Noticed Robin
  5264 | D:4      | Killed Robin
  5819 | D:5      | Reached skill level 1 in Invocations
  6339 | D:$      | Got out of the dungeon alive.

Illustrated notes

Levels and vault maps discovered:
D:1:      grunt_arrival_crossed_arrows, layout_loops_corners
D:2:      layout_loops_ring
D:3:      layout_loops_ring, minmay_surrounded
D:4:      layout_rooms, temple_green, uniq_robin
D:5:      layout_cave_pods, hangedman_decor_push, minmay_divided_ellipse
D:6:      gammafunk_wand_slinger, layout_layer_cave, lemuel_blue_sif_altar,
          uniq_crazy_yiuf_cottage, uniq_edmund, uniq_eustachio, uniq_grinder
Temple:   kilobyte_greek_temple

Skill      XL: |  1  2  3  4  5  6  7 |
---------------+----------------------+-----
Fighting       | 1 2 3 4 |  4.4
Dodging        | 2 3 4 |  4.6
Ice Magic      | 4 |  4.9
Spellcasting   | 3 4 |  4.1
Invocations    | 1 |  1.7
Stealth        | |  1.7

Action                   |  1- 3 |  4- 6 |  7- 9 || total
-------------------------+-------+-------+-------++-------
Melee: Spear             |    68 |    14 |       ||    82
       Unarmed           |     1 |       |       ||     1
       Rapier            |       |    92 |    64 ||   156
       Kick              |       |    29 |    17 ||    46
Throw: Boomerang         |     3 |    13 |     3 ||    19
 Cast: Freeze            |    49 |    19 |     6 ||    74
       Frozen Ramparts   |       |     6 |     7 ||    13
       Ozocubu's Armour  |       |     5 |     4 ||     9
Evoke: Wand              |       |     4 |       ||     4
  Use: Scroll            |       |     3 |       ||     3
 Stab: Sleeping          |     6 |     2 |     1 ||     9
       Distracted        |       |     1 |     1 ||     2
Armor: Robe              |    17 |    39 |    21 ||    77
Dodge: Dodged            |    72 |   110 |    54 ||   236
